 Dungeon Crawl Stone Soup version 0.25-a0-2-g6559c6c67a (webtiles) character file.

Game seed: 15190174941572852085, levelgen mode: deterministic

27188 MordorOrchid the Fighter (level 13, -9/106 HPs)
             Began as a Gnoll Wanderer on Oct 13, 2019.
             Was a High Priest of Sif Muna.
             Mangled by an orc warrior
             ... wielding a +0 long sword
              (15 damage)
             ... on level 2 of the Orcish Mines.
             The game lasted 00:51:18 (11245 turns).

MordorOrchid the Fighter (Gnoll Wanderer)          Turns: 11245, Time: 00:51:19

Health: -9/106     AC: -1    Str: 16    XL:     13   Next: 30%
Magic:  25/25      EV: 10    Int: 21    God:    Sif Muna [*****.]
Gold:   901        SH:  0    Dex: 12    Spells: 15/28 levels left

rFire    + . .     SeeInvis .   V - +5 executioner's axe (freeze)
rCold    . . .     Gourm    .   (shield currently unavailable)
rNeg     . . .     Faith    .   M - +3 chain mail {rF+}
rPois    +         Spirit   .   i - +0 helmet
rElec    .         Reflect  .   B - +0 cloak {rPois}
rCorr    +         Harm     .   (no gloves)
MR       .....                  v - +0 pair of boots
Stlth    +.........             (no amulet)
HPRegen  0.27/turn              I - +2 ring of slaying
MPRegen  0.19/turn              H - ring of resist corrosion

@: corroded, very slightly contaminated
A: distributed training, fangs 1, strong nose
a: Channel Magic, Forget Spell, Divine Exegesis, Renounce Religion


You were on level 2 of the Orcish Mines.
You worshipped Sif Muna.
Sif Muna was extremely pleased with you.
You were not hungry.

You visited 3 branches of the dungeon, and saw 14 of its levels.
You also visited: Ice Cave.

You collected 1254 gold pieces.
You spent 353 gold pieces at shops.

Inventory:

Hand Weapons
 b - a +0 quarterstaff of crushing
 j - a +0 longbow
 x - a +4 quarterstaff of chaos
 E - a +5 short sword
 K - a +0 broad axe
 O - a +1 dagger of venom
 S - a +3 war axe of flaming
 T - a +2 falchion of flaming
 V - a +5 executioner's axe of freezing (weapon)
 Y - a +1 halberd of flaming
Missiles
 f - 108 bolts
 l - 8 boomerangs of dispersal
 y - 22 boomerangs (quivered)
 D - 220 arrows
 P - 7 datura-tipped darts
Armour
 a - the +1 leather armour of Tulips {rElec Int+4 Dex-3}
   (You found it in an ice cave)

   It affects your intelligence (+4).
   It affects your dexterity (-3).
   It insulates you from electricity.
 i - a +0 helmet (worn)
 v - a +0 pair of boots (worn)
 B - a +0 cloak of poison resistance (worn)
 M - a +3 chain mail of fire resistance (worn)
Jewellery
 H - a ring of resist corrosion (right hand)
 I - a +2 ring of slaying (left hand)
Wands
 e - a wand of enslavement (1)
 J - a wand of random effects (25)
 L - a wand of flame (12)
 R - a wand of disintegration (10)
Scrolls
 g - a scroll of brand weapon {unknown}
 h - 2 scrolls of enchant armour
 m - 3 scrolls of amnesia
 o - 4 scrolls of teleportation
 p - 6 scrolls of remove curse
 q - a scroll of random uselessness {unknown}
 u - a scroll of fog
 z - 2 scrolls of holy word
 U - 3 scrolls of fear
 X - a scroll of blinking
Potions
 c - 7 potions of curing
 n - a potion of mutation
 r - 2 potions of flight
 w - 2 potions of ambrosia
 A - 2 potions of might
 C - 5 potions of brilliance
 F - a potion of berserk rage
 N - 3 potions of heal wounds
 Q - a potion of magic
 W - a potion of lignification
Miscellaneous
 G - a phial of floods (inert)
Comestibles
 d - 26 rations
 k - 3 chunks of flesh


   Skills:
 + Level 11.5 Fighting
 + Level 8.0 Short Blades
 + Level 8.0 Long Blades
 + Level 8.0 Axes
 + Level 8.0 Maces & Flails
 + Level 8.0 Polearms
 + Level 9.3 Staves
 + Level 8.0 Slings
 + Level 8.0 Bows
 + Level 8.0 Crossbows
 + Level 8.0 Throwing
 + Level 8.5 Armour
 + Level 8.0 Dodging
 + Level 8.4 Stealth
 + Level 8.5 Shields
 + Level 8.0 Unarmed Combat
 + Level 8.0 Spellcasting
 + Level 6.6 Conjurations
 + Level 6.6 Hexes
 + Level 6.6 Charms
 + Level 6.6 Summonings
 + Level 6.6 Necromancy
 + Level 6.6 Translocations
 + Level 6.6 Transmutations
 + Level 6.6 Fire Magic
 + Level 6.6 Ice Magic
 + Level 6.6 Air Magic
 + Level 6.6 Earth Magic
 + Level 6.6 Poison Magic
 + Level 8.8 Invocations
 + Level 8.5 Evocations


You had 15 spell levels left.
You knew the following spells:

 Your Spells              Type           Power        Failure   Level  Hunger
a - Ice Form              Ice/Tmut       #####...     52%         4    ###....
k - Regeneration          Chrm/Necr      #####.....   19%         3    None
s - Sticks to Snakes      Tmut           #####...     9%          2    None
u - Animate Skeleton      Necr           N/A          6%          1    None
v - Vampiric Draining     Necr           #####.....   19%         3    None

Your spell library contained the following spells:

 Spells                   Type           Power        Failure   Level  Hunger
 Beastly Appendage        Tmut           #####.       6%          1    None
 Pain                     Necr           ####         6%          1    None
 Corpse Rot               Necr           N/A          9%          2    None
 Sublimation of Blood     Necr           #####.....   9%          2    None
 Spider Form              Tmut/Pois      #####.....   19%         3    None
 Animate Dead             Necr           N/A          52%         4    ###....
 Cause Fear               Hex            #####.....   52%         4    ###....
 Leda's Liquefaction      Hex/Erth       #####.....   52%         4    ###....
 Blade Hands              Tmut           #####.....   86%         5    #####..
 Invisibility             Hex            #####...     100%        6    ######.


Dungeon Overview and Level Annotations

Branches:
Dungeon (11/15)            Temple (1/1) D:5            Lair (0/6) D:8
    Orc (2/2) D:11          IceCv (visited)
    Elf: Orc:2

Altars:
Ashenzari
Cheibriados
Dithmenos
Elyvilon
Fedhas
Gozag
Hepliaklqana
Kikubaaqudgha
Makhleb
Nemelex Xobeh
Okawaru
Qazlal
Ru
Sif Muna
Trog
Uskayaw
Vehumet
Wu Jian
Xom
Yredelemnul
Zin
The Shining One
Beogh

Shops:
D:9 !*


Innate Abilities, Weirdness & Mutations

Your experience applies equally to all skills.
You have very sharp teeth.
Your uncanny sense of smell can sniff out nearby items.


Message History

The orc sorcerer hits you but does no damage.
The rust devil hits you.
You hit the rust devil. You freeze the rust devil.
The rust devil is heavily wounded.
You hit the orc sorcerer but do no damage.
You closely miss the orc warrior.
The orc warrior hits you with a +0 long sword.
The orc sorcerer hits you with a +0 dagger.
The rust devil hits you!
The orc warrior hits you with a +0 long sword!!
* * * LOW HITPOINT WARNING * * *
The orc sorcerer casts a spell at you. The bolt of fire hits you! You resist.
* * * LOW HITPOINT WARNING * * *
You hit the orc sorcerer but do no damage.
You hit the rust devil but do no damage.
You completely miss the orc warrior. The rust devil hits you.
* * * LOW HITPOINT WARNING * * *
The orc warrior hits you with a +0 long sword!
You die...

...................##...#...#
..#.................##......#
........................##..#
.............................#
............................##
#.........................#.##
#......<................#...#
##..........#)o#........#..##
#..........o@4.#.#........##
#......)..[[<..)...........#
#.........)....#.#.....##.##
#.........[)......##....###
#..........#.....##....##.##
#...........##..####.......##
#...............##.....##.##.
#...............#........##..
#...#....................^#..


You could see a rust devil, an orc sorcerer and an orc warrior.

Vanquished Creatures
  The ghost of tmwh the Fighter, a novice TrMo of Ru (D:9)
  2 hydras
  3 two-headed ogres (D:9)
  An orc high priest (Orc:2)
  A deep troll (D:9)
  Pikel (D:6)
  3 orc sorcerers (Orc:2)
  2 orc knights (D:11)
  2 cyclopes
  2 ugly things (IceCv)
  Maurice (Orc:1)
  A moth of wrath (D:9)
  3 ice statues (IceCv)
  A kobold demonologist (D:11)
  2 ice devils (D:11)
  A hornet (D:10)
  2 trolls (D:9)
  2 dream sheep (D:8)
  2 hippogriffs (D:8)
  A shadow (D:11)
  13 yaks
  A wyvern (D:9)
  A basilisk (D:11)
  A steam dragon (D:9)
  4 hungry ghosts
  Edmund (D:4)
  A water moccasin (D:11)
  A porcupine (D:5)
  8 ice beasts
  2 sky beasts (D:8)
  A black bear (D:6)
  16 orc warriors
  7 phantoms
  An eye of draining (D:10)
  12 ogres
  7 centaurs
  The ghost of runewalsh the Magician, an amateur OpWz (D:3)
  10 big kobolds
  5 bullfrogs
  A wyvern zombie (D:6)
  A gnoll sergeant (D:11)
  5 scorpions
  A water moccasin skeleton (D:4)
  7 howler monkeys
  10 crimson imps
  2 quasits
  8 hounds
  A bullfrog zombie (D:11)
  2 centaur zombies
  25 orc priests
  A jelly (D:5)
  23 orc wizards
  3 bullfrog skeletons
  2 centaur skeletons (D:10)
  Crazy Yiuf (D:4)
  4 iguanas
  9 worker ants
  Ijyb (D:4)
  2 hound zombies
  A hound skeleton (D:11)
  4 worker ant zombies
  15 adders
  4 gnolls (D:11)
  A shadow imp (D:6)
  3 oozes
  4 worms
  4 dart slugs
  4 leopard geckos
  52 orcs
  A ball python (D:1)
  6 giant cockroaches
  4 goblins
  8 hobgoblins
  14 jackals
  5 quokkas
  5 bats
  8 frilled lizards
  A jackal zombie (D:6)
  32 kobolds
  A leopard gecko zombie (D:5)
  9 rats
422 creatures vanquished.

Vanquished Creatures (collateral kills)
  Jorgrun (Orc:1)
  Sigmund (D:6)
  An orc warrior (Orc:1)
  A phantom (D:5)
  A howler monkey (D:11)
  A crimson imp (D:5)
  An orc priest (Orc:1)
  A bullfrog skeleton (D:6)
  2 hounds (D:9)
  2 orcs
  A kobold (D:11)
13 creatures vanquished.

Vanquished Creatures (others)
  3 plants (D:8)
3 creatures vanquished.

Grand Total: 438 creatures vanquished

Notes
Turn   | Place    | Note
-------+----------+-------------------------------------------
     0 | D:1      | MordorOrchid the Gnoll Wanderer began the quest for the
                  | Orb.
     0 | D:1      | MordorOrchid set off with the following items: a +2
                  | quarterstaff, a +0 ring mail, a potion of curing, a ration
     0 | D:1      | Reached XP level 1. HP: 26/26 MP: 2/2
    31 | D:1      | Reached XP level 2. HP: 21/33 MP: 3/3
   160 | D:1      | Reached XP level 3. HP: 30/38 MP: 4/4
   310 | D:1      | Reached skill level 1 in Invocations
   521 | D:2      | Reached skill level 1 in Short Blades
   521 | D:2      | Reached skill level 1 in Long Blades
   521 | D:2      | Reached skill level 1 in Axes
   521 | D:2      | Reached skill level 1 in Maces & Flails
   521 | D:2      | Reached skill level 1 in Polearms
   521 | D:2      | Reached skill level 1 in Slings
   521 | D:2      | Reached skill level 1 in Bows
   521 | D:2      | Reached skill level 1 in Crossbows
   521 | D:2      | Reached skill level 1 in Throwing
   521 | D:2      | Reached skill level 1 in Dodging
   521 | D:2      | Reached skill level 1 in Unarmed Combat
   521 | D:2      | Reached skill level 1 in Spellcasting
   521 | D:2      | Reached XP level 4. HP: 35/45 MP: 4/6
   595 | D:2      | Found a faded altar of an unknown god.
  1120 | D:3      | Found a runed translucent gate.
  1120 | D:3      | Noticed runewalsh's ghost (amateur OpWz)
  1124 | D:3      | Found a runed translucent gate.
  1124 | D:3      | Found a runed translucent gate.
  1140 | D:3      | Reached skill level 1 in Conjurations
  1140 | D:3      | Reached skill level 1 in Hexes
  1140 | D:3      | Reached skill level 1 in Charms
  1140 | D:3      | Reached skill level 1 in Summonings
  1140 | D:3      | Reached skill level 1 in Necromancy
  1140 | D:3      | Reached skill level 1 in Translocations
  1140 | D:3      | Reached skill level 1 in Transmutations
  1140 | D:3      | Reached skill level 1 in Fire Magic
  1140 | D:3      | Reached skill level 1 in Ice Magic
  1140 | D:3      | Reached skill level 1 in Air Magic
  1140 | D:3      | Reached skill level 1 in Earth Magic
  1140 | D:3      | Reached skill level 1 in Poison Magic
  1197 | D:3      | Killed runewalsh's ghost
  1197 | D:3      | Reached XP level 5. HP: 51/51 MP: 7/7
  1484 | D:3      | Reached XP level 6. HP: 38/57 MP: 8/8
  1949 | D:4      | Reached skill level 5 in Staves
  1960 | D:4      | Noticed a hungry ghost
  1979 | D:4      | Killed a hungry ghost
  1979 | D:4      | Reached XP level 7. HP: 57/63 MP: 10/10
  2377 | D:4      | Learned a level 2 spell: Sticks to Snakes
  2385 | D:4      | Noticed Edmund
  2406 | D:4      | Killed Edmund
  2406 | D:4      | Reached skill level 9 in Fighting
  2446 | D:4      | Reached XP level 8. HP: 38/71 MP: 12/12
  2583 | D:4      | Found a runed translucent door.
  2584 | D:4      | Noticed Crazy Yiuf
  2686 | D:4      | Noticed Ijyb
  2693 | D:4      | Killed Ijyb
  2938 | D:4      | Killed Crazy Yiuf
  3005 | D:5      | Entered Level 5 of the Dungeon
  3304 | D:5      | Learned a level 1 spell: Animate Skeleton
  3404 | D:5      | Reached XP level 9. HP: 63/76 MP: 14/14
  3622 | D:5      | Found a staircase to the Ecumenical Temple.
  3631 | Temple   | Entered the Ecumenical Temple
  3698 | Temple   | Became a worshipper of Sif Muna the Loreminder
  3767 | D:5      | You fall into a shaft and drop 2 floors!
  3909 | D:6      | Reached skill level 5 in Armour
  3909 | D:6      | Reached skill level 5 in Shields
  3909 | D:6      | Reached skill level 5 in Evocations
  4508 | D:6      | Reached skill level 5 in Stealth
  4562 | D:6      | Found a shadowy altar of Dithmenos.
  4730 | D:6      | Noticed Sigmund
  4750 | D:6      | Killed Sigmund
  4750 | D:6      | Reached * piety under Sif Muna
  4813 | D:6      | Reached skill level 5 in Invocations
  4951 | D:6      | Reached XP level 10. HP: 48/84 MP: 17/17
  4982 | D:6      | Learned a level 3 spell: Regeneration
  5196 | D:6      | Noticed Pikel
  5206 | D:6      | Killed Pikel
  5647 | D:7      | Reached skill level 5 in Short Blades
  5647 | D:7      | Reached skill level 5 in Long Blades
  5647 | D:7      | Reached skill level 5 in Axes
  5647 | D:7      | Reached skill level 5 in Maces & Flails
  5647 | D:7      | Reached skill level 5 in Polearms
  5647 | D:7      | Reached skill level 5 in Slings
  5647 | D:7      | Reached skill level 5 in Bows
  5647 | D:7      | Reached skill level 5 in Crossbows
  5647 | D:7      | Reached skill level 5 in Throwing
  5647 | D:7      | Reached skill level 5 in Dodging
  5647 | D:7      | Reached skill level 5 in Unarmed Combat
  5647 | D:7      | Reached skill level 5 in Spellcasting
  5771 | D:7      | Reached ** piety under Sif Muna
  6197 | D:8      | Reached skill level 10 in Fighting
  6681 | D:8      | Found a staircase to the Lair.
  6683 | D:8      | Noticed a three-headed hydra
  6691 | D:8      | Killed a three-headed hydra
  6713 | D:8      | Reached XP level 11. HP: 57/91 MP: 19/19
  6969 | D:9      | Noticed a two-headed ogre
  6976 | D:9      | Killed a two-headed ogre
  7056 | D:9      | Found a transporter.
  7066 | D:9      | Found a bloodstained altar of Trog.
  7066 | D:9      | Noticed a two-headed ogre
  7067 | D:9      | Noticed tmwh's ghost (novice TrMo)
  7067 | D:9      | Found a transporter.
  7067 | D:9      | Noticed a two-headed ogre
  7068 | D:9      | Noticed a moth of wrath
  7069 | D:9      | Noticed a deep troll
  7071 | D:9      | Noticed a cyclops
  7114 | D:9      | Found Ossinl Jiyrgh's Distillery.
  7117 | D:9      | Bought a potion of heal wounds for 70 gold pieces
  7117 | D:9      | Bought a potion of heal wounds for 70 gold pieces
  7117 | D:9      | Bought a potion of berserk rage for 70 gold pieces
  7117 | D:9      | Bought a potion of brilliance for 56 gold pieces
  7117 | D:9      | Bought a potion of curing for 42 gold pieces
  7277 | D:9      | Reached skill level 5 in Conjurations
  7277 | D:9      | Reached skill level 5 in Hexes
  7277 | D:9      | Reached skill level 5 in Charms
  7277 | D:9      | Reached skill level 5 in Summonings
  7277 | D:9      | Reached skill level 5 in Necromancy
  7277 | D:9      | Reached skill level 5 in Translocations
  7277 | D:9      | Reached skill level 5 in Transmutations
  7277 | D:9      | Reached skill level 5 in Fire Magic
  7277 | D:9      | Reached skill level 5 in Ice Magic
  7277 | D:9      | Reached skill level 5 in Air Magic
  7277 | D:9      | Reached skill level 5 in Earth Magic
  7277 | D:9      | Reached skill level 5 in Poison Magic
  7353 | D:9      | Found Fobuaner's Fabulous Fripperies.
  7357 | D:9      | Reached *** piety under Sif Muna
  7392 | D:9      | Bought a scroll of fear for 45 gold pieces
  7714 | D:9      | Killed a moth of wrath
  7721 | D:9      | Killed a deep troll
  7736 | D:9      | Killed a cyclops
  7738 | D:9      | Killed tmwh's ghost
  7743 | D:9      | Killed a two-headed ogre
  7777 | D:9      | Killed a two-headed ogre
  7822 | D:9      | Learned a level 3 spell: Vampiric Draining
  7871 | D:10     | Entered Level 10 of the Dungeon
  8121 | D:10     | Reached XP level 12. HP: 55/99 MP: 20/22
  8824 | D:11     | Noticed a four-headed hydra
  8844 | D:11     | Reached **** piety under Sif Muna
  8893 | D:11     | Killed a four-headed hydra
  8941 | D:11     | Reached skill level 11 in Fighting
  9222 | D:11     | Found a roughly hewn altar of Beogh.
  9231 | D:11     | Found a staircase to the Orcish Mines.
  9322 | D:11     | Found a frozen archway.
  9401 | D:11     | Learned a level 4 spell: Ice Form
  9403 | IceCv    | Entered an ice cave
  9497 | IceCv    | Reached ***** piety under Sif Muna
  9710 | IceCv    | Got a jewelled leather armour
  9721 | IceCv    | Identified the cursed +1 leather armour of Tulips {rElec
                  | Int+4 Dex-3} (You found it in an ice cave)
 10174 | Orc:1    | Entered Level 1 of the Orcish Mines
 10439 | Orc:2    | Entered Level 2 of the Orcish Mines
 10460 | Orc:1    | Identified Sif Muna's Papyrus of Beguiling and Sinister
                  | Magic (Sif Muna gifted it to you on level 1 of the Orcish
                  | Mines)
 10460 | Orc:1    | Received a gift from Sif Muna
 10533 | Orc:2    | Reached XP level 13. HP: 106/106 MP: 19/24
 10679 | Orc:1    | Noticed Jorgrun
 10683 | Orc:1    | Noticed Maurice
 10690 | Orc:1    | Killed Jorgrun
 10705 | Orc:1    | Killed Maurice
 11234 | Orc:2    | Paralysed by an orc sorcerer for 7 turns
 11245 | Orc:2    | Mangled by an orc warrior

Levels and vault maps discovered:
D:1:      denvon_arrival_hothouse, layout_rooms,
          wander_ebering_terrifying_dragon_lair
D:2:      layout_basic, chequers_ecumenical_altar_simple
D:3:      layout_loops_corners, gammafunk_ghost_split
D:4:      layout_loops_ring, first_ration, uniq_ijyb, uniq_edmund,
          uniq_crazy_yiuf_cottage
D:5:      minmay_angry_zag, layout_basic, minmay_temple_entry_fiery
D:6:      cheibrodos_barr_body, layout_basic,
          nicolae_dithmenos_through_a_glass_darkly, uniq_pikel, uniq_sigmund
D:7:      layout_gridville, minmay_misc_feat_x, kennysheep_boxes
D:8:      layout_loops_ring, lair_entry_dummy, hangedman_ranch
          [blue_anna_fruit_fields]
D:9:      layout_stronghold, serial_shops, kennysheep_mini_moat,
          gammafunk_ghost_wrathful_warriors, nicolae_alphabet_shops
D:10:     layout_loops_corners, minivault_23
D:11:     layout_big_octagon, david_orc_5, portal_ice_cave_demonic_guard,
          serial_bayou_pond_e, hangedman_corner_corridor
Temple:   grunt_wide_crystal_templ
Orc:1:    layout_diamond_mine, uniq_jorgrun, uniq_maurice
Orc:2:    st_orc_mages, layout_caves, nicolae_orc_pool_cavern

Skill      XL: |  1  2  3  4  5  6  7  8  9 10 11 12 13 |
---------------+----------------------------------------+-----
Invocations    | 1 2 3 4 5 6 7 8 |  8.8
Short Blades   | 1 2 3 4 5 6 7 8 |  8.0
Long Blades    | 1 2 3 4 5 6 7 8 |  8.0
Axes           | 1 2 3 4 5 6 7 8 |  8.0
Maces & Flails | 1 2 3 4 5 6 7 8 |  8.0
Polearms       | 1 2 3 4 5 6 7 8 |  8.0
Slings         | 1 2 3 4 5 6 7 8 |  8.0
Bows           | 1 2 3 4 5 6 7 8 |  8.0
Crossbows      | 1 2 3 4 5 6 7 8 |  8.0
Throwing       | 1 2 3 4 5 6 7 8 |  8.0
Dodging        | 1 2 3 4 5 6 7 8 |  8.0
Unarmed Combat | 1 2 3 4 5 6 7 8 |  8.0
Spellcasting   | 1 2 3 4 5 6 7 8 |  8.0
Conjurations   | 1 2 3 4 5 6 |  6.6
Hexes          | 1 2 3 4 5 6 |  6.6
Charms         | 1 2 3 4 5 6 |  6.6
Summonings     | 1 2 3 4 5 6 |  6.6
Necromancy     | 1 2 3 4 5 6 |  6.6
Translocations | 1 2 3 4 5 6 |  6.6
Transmutations | 1 2 3 4 5 6 |  6.6
Fire Magic     | 1 2 3 4 5 6 |  6.6
Ice Magic      | 1 2 3 4 5 6 |  6.6
Air Magic      | 1 2 3 4 5 6 |  6.6
Earth Magic    | 1 2 3 4 5 6 |  6.6
Poison Magic   | 1 2 3 4 5 6 |  6.6
Armour         | 3 4 5 6 7 8 |  8.5
Shields        | 3 4 5 6 7 8 |  8.5
Evocations     | 3 4 5 6 7 8 |  8.5
Stealth        | 3 4 5 6 7 8 |  8.4
Staves         | 5 6 7 8 9 |  9.3
Fighting       | 9 10 11 | 11.5

Action                   |  1- 3 |  4- 6 |  7- 9 | 10-12 | 13-15 || total
-------------------------+-------+-------+-------+-------+-------++-------
Melee: Quarterstaff      |    87 |   187 |   312 |   641 |    37 ||  1264
       Bite              |     8 |    14 |    39 |    64 |     7 ||   132
       Flail             |       |       |    20 |       |       ||    20
       Unarmed           |       |       |       |    51 |       ||    51
       Falchion          |       |       |       |    21 |       ||    21
       Executioner's axe |       |       |       |       |    57 ||    57
 Fire: Shortbow          |       |       |    16 |    10 |       ||    26
       Longbow           |       |       |       |    18 |     3 ||    21
Throw: Dart              |       |    12 |    13 |    11 |       ||    36
       Boomerang         |       |       |       |    17 |     2 ||    19
 Cast: Animate Skeleton  |       |       |    11 |    63 |    15 ||    89
       Sticks to Snakes  |       |       |     3 |     3 |       ||     6
       Regeneration      |       |       |       |    27 |    13 ||    40
       Vampiric Draining |       |       |       |     2 |       ||     2
       Ice Form          |       |       |       |     2 |       ||     2
 Abil: End Transformatio |       |       |       |     2 |       ||     2
Evoke: Wand              |       |       |       |    22 |     1 ||    23
       Phial of floods   |       |       |       |       |     1 ||     1
  Use: Potion            |     1 |     1 |     1 |     6 |     3 ||    12
       Scroll            |       |       |     6 |    11 |     2 ||    19
 Stab: Distracted        |     1 |       |     1 |     2 |       ||     4
       Sleeping          |       |       |     5 |     8 |       ||    13
       Invisible         |       |       |     1 |     7 |       ||     8
       Petrifying        |       |       |       |     7 |       ||     7
       Paralysed         |       |       |       |     5 |       ||     5
       Confused          |       |       |       |     1 |     1 ||     2
  Eat: Chunk             |       |     4 |     8 |    23 |     3 ||    38
       Ration            |       |       |     2 |     1 |       ||     3
Armor: Ring mail         |    37 |    69 |   115 |   212 |       ||   433
       Skin              |       |    11 |       |     8 |       ||    19
       Chain mail        |       |       |       |    52 |    90 ||   142
Dodge: Dodged            |    50 |    99 |   152 |   497 |    35 ||   833
       Rpst.: Falchion   |       |       |       |     5 |       ||     5

Table legend:
 A = Non-vault XP
 B = Vault XP
 C = Vault XP percentage of total XP
 D = Non-vault monster count
 E = Vault monster count
 F = Vault count percentage of total count
                 A         B        C        D         E       F
            +---------+---------+-------+---------+---------+-------
      Total |   19158 |   19683 |  50.7 |     327 |     108 |  24.8
            +---------+---------+-------+---------+---------+-------
        D:1 |      64 |       1 |   1.5 |      29 |       1 |   3.3
        D:2 |      55 |       0 |   0.0 |      15 |       0 |   0.0
        D:3 |     121 |     104 |  46.2 |      31 |       3 |   8.8
        D:4 |     854 |     237 |  21.7 |      21 |       3 |  12.5
        D:5 |    1325 |     253 |  16.0 |      31 |       6 |  16.2
        D:6 |     604 |    1334 |  68.8 |      14 |      15 |  51.7
        D:7 |     950 |       0 |   0.0 |      31 |       0 |   0.0
        D:8 |    1969 |    2067 |  51.2 |      22 |       8 |  26.7
        D:9 |    2467 |    4939 |  66.7 |      18 |      10 |  35.7
       D:10 |    3254 |       0 |   0.0 |      29 |       0 |   0.0
       D:11 |    5837 |    1715 |  22.7 |      54 |      25 |  31.6
      Orc:1 |     993 |    2396 |  70.7 |      19 |       5 |  20.8
      Orc:2 |     665 |    3444 |  83.8 |      13 |      21 |  61.8
      IceCv |       0 |    3193 | 100.0 |       0 |      11 | 100.0
            +---------+---------+-------+---------+---------+-------
